 Dungeon Crawl Stone Soup version 0.30.1-4-g462c640d31 (webtiles) character file.

Game seed: 13058939559892343750

186 spardeous the Conjurer (level 5, -2/38 HPs)
             Began as a Demigod Conjurer on Aug 18, 2023.
             Engulfed by a cloud of steam (12 damage)
             ... on level 4 of the Dungeon.
             The game lasted 00:02:02 (3949 turns).

spardeous the Conjurer (Demigod Conjurer)           Turns: 3949, Time: 00:02:02

Health: -2/38      AC:  9    Str:  8    XL:     5   Next: 15%
Magic:  1/10       EV: 10    Int: 27    God:
Gold:   86         SH:  0    Dex: 12    Spells: 4/7 levels left

rFire   . . .        y - +5 whip of Insufficient Pleasure {flame, Int+3}
rCold   . . .        (no shield)
rNeg    . . .        v - +0 ring mail
rPois   .            p - +2 helmet
rElec   .            (no cloak)
rCorr   .            k - +0 pair of gloves
SInv    .            (no boots)
Will    .....        (no amulet)
Stlth   +            (no ring)
HPRegen 0.26/turn    (no ring)
MPRegen 0.12/turn

%: no passive effects
@: no status effects
A: high MP 1, forlorn, divine attributes
a: no special abilities


You were on level 4 of the Dungeon.
You visited 1 branch of the dungeon, and saw 4 of its levels.

You collected 86 gold pieces.

Inventory:

Hand Weapons
 y - the +5 whip of Insufficient Pleasure (weapon) {flame, Int+3}
   (You found it on level 3 of the Dungeon)

   Int:       It affects your intelligence (+3).
Armour
 k - a +0 pair of gloves (worn)
 p - a +2 helmet (worn)
 v - a +0 ring mail (worn)
Scrolls
 c - 3 scrolls of immolation {unknown}
 e - 2 scrolls of enchant armour {unknown}
 f - a scroll of noise {unknown}
 g - a scroll of amnesia {unknown}
 h - a scroll of butterflies {unknown}
 j - 4 scrolls of identify {unknown}
 n - a scroll of poison {unknown}
 o - a scroll of magic mapping {unknown}
 t - a scroll of blinking {unknown}
 u - a scroll of vulnerability {unknown}
 x - a scroll of silence {unknown}
Potions
 b - a potion of magic
 d - a potion of flight {unknown}
 i - 2 potions of ambrosia {unknown}
 l - a potion of might {unknown}
 m - a potion of curing {unknown}
 q - 2 potions of invisibility {unknown}
 r - a potion of lignification {unknown}
 s - a potion of brilliance {unknown}
 w - a potion of mutation {unknown}


   Skills:
 - Level 1.7 Dodging
 - Level 1.7 Stealth
 - Level 1.7 Spellcasting
 + Level 6.1 Conjurations


You had 4 spell levels left.
You knew the following spells:

 Your Spells              Type           Power      Damage    Failure   Level
a - Magic Dart            Conj           100%       1d8       2%          1
b - Searing Ray           Conj           70%        2d7       3%          2

Your spell library contained the following spells:

 Spells                   Type           Power      Damage    Failure   Level
 Momentum Strike          Conj/Tloc      38%        3d9       13%         2
 Dazzling Flash           Conj/Hex       38%        N/A       26%         3
 Blink                    Tloc           4%         N/A       43%         2
 Lesser Beckoning         Tloc           4%         N/A       43%         2
 Fulminant Prism          Conj/Hex       9%         3d6       65%         4
 Iskenderun's Mystic Bla  Conj/Tloc      19%        2d6       65%         4
 Gell's Gravitas          Tloc           2%         N/A       67%         3
 Teleport Other           Tloc           2%         N/A       67%         3


Dungeon Overview and Level Annotations

Branches:
Dungeon (4/15)
 Temple: D:4-7

Annotations:
D:2 1 runed translucent door, Crazy Yiuf


Innate Abilities, Weirdness & Mutations

You have an increased reservoir of magic. (+10% MP)
You shall have no god before yourself.
Your divine heritage dramatically boosts your attributes as you level up.


Message History

Unknown command.
Casting: Magic Dart (safe; 2% risk of failure)
Confirm with . or Enter, or press ? or * to list all spells.
Aiming: Searing Ray (safe; 3% risk of failure)
Press: ? - help, Shift-Dir - straight line, f/p - steam dragon
Aim: a steam dragon (lightly wounded, 81% to hit)
The searing ray hits the steam dragon.
The steam dragon is lightly wounded. (Press . to maintain the ray.)
You now have 6/10 mp.
The searing ray hits the steam dragon.
The steam dragon is moderately wounded.
You now have 5/10 mp.
The searing ray hits the steam dragon.
The steam dragon is heavily wounded.
The steam dragon breathes steam at you. The ball of steam hits you.
You take 5 damage, and have 20/38 hp.
You now have 4/10 mp.
Unknown command.
Casting: Searing Ray (safe; 3% risk of failure)
Confirm with . or Enter, or press ? or * to list all spells.
Aiming: Searing Ray (safe; 3% risk of failure)
Press: ? - help, Shift-Dir - straight line, f/p - steam dragon
Aim: a steam dragon (steam, heavily wounded, 81% to hit)
The searing ray hits the steam dragon!
The steam dragon is severely wounded. (Press . to maintain the ray.)
The steam dragon barely misses you. x2
You now have 2/10 mp.
The searing ray hits the steam dragon but does no damage.
The steam dragon is severely wounded.
The steam dragon breathes steam at you. The ball of steam hits you!
* * * LOW HITPOINT WARNING * * *
You take 11 damage, and have 10/38 hp.
MASSIVE DAMAGE!!
The searing ray hits the steam dragon!
You kill the steam dragon!
The steam dragon scales are intact enough to wear.
You are engulfed in a cloud of scalding steam.
You die...

##+####....
.....≈≈≈≈ .......
...≈≈ ... #'# #.##
#§§# ##@#####
#§§...## #####..#
#### ##.## #...
######..# #...
.........### #...
.........'.## #...
.........#..####...
.....######........


There were no monsters in sight!

Vanquished Creatures
  A steam dragon (D:4)
  Natasha (thrice) (D:3)
  4 adders (D:2)
  A white imp (D:3)
  A worm (D:2)
  A dart slug (D:1)
  An endoplasm (D:1)
  A giant cockroach (D:3)
  4 goblins
  6 hobgoblins
  12 jackals
  6 kobolds
  2 quokkas
  4 ball pythons
  9 bats
  3 frilled lizards
  7 rats
66 creatures vanquished.

Vanquished Creatures (others)
  A goblin (D:4)
1 creature vanquished.

Grand Total: 67 creatures vanquished

Notes
Turn   | Place    | Note
-------+----------+-------------------------------------------
     0 | D:1      | spardeous the Demigod Conjurer began the quest for the Orb.
     0 | D:1      | Reached XP level 1. HP: 14/14 MP: 5/5
   227 | D:1      | Reached skill level 4 in Conjurations
   476 | D:1      | Reached XP level 2. HP: 20/20 MP: 1/7
  1209 | D:2      | Learned a level 2 spell: Searing Ray
  1324 | D:2      | Reached XP level 3. HP: 26/26 MP: 4/8
  1365 | D:2      | Reached skill level 5 in Conjurations
  1994 | D:2      | Found a runed translucent door.
  1995 | D:2      | Noticed Crazy Yiuf
  2172 | D:2      | Reached XP level 4. HP: 33/33 MP: 4/9
  2563 | D:3      | Identified the +5 whip of Insufficient Pleasure {flame,
                  | Int+3}
  2793 | D:3      | Noticed Natasha
  2800 | D:3      | Killed Natasha
  3197 | D:3      | Noticed Natasha
  3203 | D:3      | Killed Natasha
  3266 | D:3      | Reached skill level 6 in Conjurations
  3332 | D:3      | Noticed Natasha
  3338 | D:3      | Killed Natasha
  3339 | D:3      | Reached XP level 5. HP: 31/38 MP: 3/10
  3939 | D:4      | Noticed a steam dragon
  3949 | D:4      | Killed a steam dragon
  3949 | D:4      | Engulfed by a cloud of steam

Illustrated notes

Levels and vault maps discovered:
D:1:      mrwooster_arrival_arrow, layout_loops_ring,
          ebering_ecumenical_altar_sacrificial, minmay_fountain_box
D:2:      layout_basic, basic_altar, chequers_serial_rivers_micro_a,
          uniq_crazy_yiuf_cottage
D:3:      layout_basic, nicolae_overflow_crystal_walls, uniq_natasha
D:4:      layout_basic, chequers_serial_rivers_micro_d,
          kennysheep_opposing_triangles, uniq_edmund

Skill      XL: |  1  2  3  4 |
---------------+-------------+-----
Conjurations   | 4 5 6 |  6.1
Dodging        | |  1.7
Stealth        | |  1.7
Spellcasting   | |  1.7

Action                     |  1- 3 |  4- 6 || total
---------------------------+-------+-------++-------
  Melee: Unarmed           |     9 |       ||     9
   Cast: Magic Dart        |    95 |    57 ||   152
         Searing Ray       |       |     2 ||     2
 Armour: Robe              |     6 |       ||     6
  Dodge: Dodged            |    13 |     6 ||    19
